 Dungeon Crawl Stone Soup version 0.26-a0-639-g72c4674329 (webtiles) character file.

Game seed: 2849109214410199542

6834 Flugslaktarn the Fighter (level 10, -2/96 HPs)
             Began as a Minotaur Fighter on Sept 19, 2020.
             Was a Believer of Makhleb.
             Slain by Snorg (10 damage)
             ... on level 10 of the Dungeon.
             The game lasted 00:03:52 (8215 turns).

Flugslaktarn the Fighter (Minotaur Fighter)         Turns: 8215, Time: 00:03:53

Health: -2/96      AC: 18    Str: 22    XL:     10   Next: 77%
Magic:  12/12      EV:  5    Int:  6    God:    Makhleb [**....]
Gold:   375        SH: 11    Dex: 11    Spells: 9/9 levels left

rFire    . . .     SeeInvis .   i - +1 war axe (flame)
rCold    . . .     Faith    .   c - +0 kite shield
rNeg     . . .     Spirit   .   b - +1 plate armour
rPois    .         Reflect  .   (helmet restricted)
rElec    .         Harm     .   s - +2 cloak
rCorr    .         Rampage  .   (no gloves)
MR       .....                  (no boots)
Stlth    ..........             j - amulet of the acrobat
HPRegen  0.26/turn              (no ring)
MPRegen  0.13/turn              (no ring)

@: about to teleport
A: retaliatory headbutt, horns 2
a: Minor Destruction, Renounce Religion


You were on level 10 of the Dungeon.
You worshipped Makhleb.
Makhleb was pleased with you.
You visited 1 branch of the dungeon, and saw 10 of its levels.

You collected 375 gold pieces.

Inventory:

Hand Weapons
 i - a +1 war axe of flaming (weapon)
   (You took it off an orc on level 3 of the Dungeon)
Missiles
 l - 3 throwing nets (quivered)
Armour
 b - a +1 plate armour (worn)
   (You took it off an orc on level 4 of the Dungeon)
 c - a +0 kite shield (worn)
 s - a +2 cloak (worn)
   (You found it on level 6 of the Dungeon)
Jewellery
 h - an uncursed ring of wizardry {unknown}
   (You found it on level 6 of the Dungeon)
 j - an amulet of the acrobat (around neck)
   (You found it on level 4 of the Dungeon)
 m - an uncursed ring of protection from magic
   (You took it off an orc warrior on level 8 of the Dungeon)
 B - an uncursed ring of resist corrosion {unknown}
   (You found it on level 9 of the Dungeon)
 D - an uncursed ring of stealth {unknown}
   (You found it on level 9 of the Dungeon)
Wands
 f - a wand of iceblast (17)
   (You found it on level 5 of the Dungeon)
 y - a wand of acid (7)
   (You took it off Harold on level 8 of the Dungeon)
 E - a wand of enslavement (9)
   (You found it on level 9 of the Dungeon)
Scrolls
 a - a scroll of immolation {unknown}
 r - 3 scrolls of identify
 t - 4 scrolls of teleportation
 u - a scroll of fear
 x - 3 scrolls of remove curse
 z - 2 scrolls of blinking
Potions
 d - 2 potions of might
 e - a potion of invisibility
 g - a potion of lignification {unknown}
 k - a potion of berserk rage {unknown}
 n - a potion of resistance
 o - a potion of flight {unknown}
 p - a potion of ambrosia {unknown}
 q - 2 potions of curing
 v - a potion of magic {unknown}
 w - 2 potions of heal wounds
 A - 2 potions of brilliance {unknown}
 C - 2 potions of stabbing {unknown}


   Skills:
 * Level 11.2 Fighting
 * Level 11.0 Axes
 + Level 8.5 Armour
 + Level 8.5 Shields
 + Level 5.2 Invocations


You had 9 spell levels left.
You didn't know any spells.
Your spell library was empty.

Dungeon Overview and Level Annotations

Branches:
Dungeon (10/15)            Temple (0/1) D:6
   Lair: D:8-11         Orc: D:9-12

Altars:
Ashenzari
Dithmenos
Makhleb
Qazlal
Ru
Uskayaw
Xom
The Shining One

Shops:
D:4 !::**

Annotations:
D:5 1 exclusion
D:10 Josephine, Snorg


Innate Abilities, Weirdness & Mutations

You reflexively headbutt those who attack you in melee.
You have a pair of horns on your head.


Message History

The porcupine twitches its whiskers.
You block the porcupine's attack.
Your surroundings suddenly seem different.
An iguana comes into view.
The iguana hisses angrily.
A hound skeleton comes into view.
Found a scroll labeled NYZXEH EBECS and a shiny helmet.
Found a stone staircase leading up and a stone staircase leading down.
Unknown command.
Found an escape hatch in the floor.
Snorg the Insatiable comes into view.
Snorg shouts!
Snorg goes berserk!
Found a rapier.
As you read the scroll of teleportation, it crumbles to dust.
You feel strangely unstable. You block the hound skeleton's attack.
Snorg bites you but does no damage. Snorg claws you!
* * * LOW HITPOINT WARNING * * *
Snorg claws you!
You die...

#.. ?..#
#.##..##
#<.....# .#
###..#...###...#
>..............#
#..#...#
#..l...#
#.##Z..#####
#@........
#..T.........
#####..######
#..# .>.# ....
...## #)#


You could see Snorg (berserk), an iguana and a hound skeleton.

Vanquished Creatures
  Harold (D:8)
  3 two-headed ogres
  Joseph (D:7)
  A wyvern (D:10)
  A steam dragon (D:8)
  Grum (D:9)
  A porcupine (D:10)
  2 phantoms
  2 ice beasts
  3 orc warriors
  4 sky beasts
  A black bear (D:10)
  3 ogres
  3 wolves (D:9)
  A necrophage (D:10)
  3 centaurs
  2 crocodiles (D:10)
  3 bullfrogs
  A scorpion (D:5)
  3 killer bees (D:7)
  3 howler monkeys
  A quasit (D:8)
  4 hounds
  7 orc priests
  2 jellies
  3 orc wizards
  3 iguanas
  4 worker ants
  A worker ant zombie (D:8)
  4 adders
  4 shadow imps
  An ufetubus (D:9)
  An ooze (D:3)
  5 worms
  A dart slug (D:5)
  5 leopard geckos
  19 orcs
  2 bats
  4 giant cockroaches
  A goblin (D:3)
  9 jackals
  2 quokkas
  2 ball pythons
  A giant cockroach zombie (D:5)
  A kobold (D:3)
  A leopard gecko zombie (D:5)
  A quokka zombie (D:5)
  3 rats
135 creatures vanquished.

Vanquished Creatures (others)
  2 bushes (D:10)
  2 fungi (D:10)
  17 plants
21 creatures vanquished.

Grand Total: 156 creatures vanquished

Notes
Turn   | Place    | Note
-------+----------+-------------------------------------------
     0 | D:1      | Flugslaktarn the Minotaur Fighter began the quest for the
                  | Orb.
     0 | D:1      | Reached XP level 1. HP: 19/19 MP: 0/0
   140 | D:2      | Reached XP level 2. HP: 17/27 MP: 1/1
   511 | D:3      | Reached XP level 3. HP: 33/33 MP: 2/2
   911 | D:4      | Reached XP level 4. HP: 24/41 MP: 3/3
  1216 | D:4      | Noticed an ogre
  1217 | D:4      | Found Buxiffor's Distillery.
  1221 | D:4      | Killed an ogre
  1221 | D:4      | Reached skill level 5 in Fighting
  1221 | D:4      | Reached XP level 5. HP: 6/48 MP: 4/4
  1330 | D:5      | Entered Level 5 of the Dungeon
  1339 | D:5      | HP: 1/48 [something (4)]
  1719 | D:4      | Found Nihov's Book Shoppe.
  1757 | D:4      | Found Kyowiby's Book Shop.
  1810 | D:4      | Found Allokk's General Store.
  1824 | D:4      | Found Imergh's General Store.
  1854 | D:4      | Reached XP level 6. HP: 52/57 MP: 5/5
  2019 | D:5      | Reached skill level 5 in Axes
  2454 | D:5      | Reached skill level 5 in Shields
  2509 | D:5      | Reached skill level 5 in Armour
  2573 | D:5      | Found a shimmering altar of Xom.
  2574 | D:5      | Found a shimmering altar of Xom.
  2574 | D:5      | Found a shimmering altar of Xom.
  2580 | D:5      | Found a shimmering altar of Xom.
  2699 | D:5      | Reached XP level 7. HP: 63/63 MP: 6/6
  2788 | D:5      | Found a faded altar of an unknown god.
  2788 | D:5      | Found a sacrificial altar of Ru.
  2793 | D:5      | Found a stormy altar of Qazlal.
  2795 | D:5      | Found a burning altar of Makhleb.
  2796 | D:5      | Found a shadowy altar of Dithmenos.
  2992 | D:5      | Became a worshipper of Makhleb the Destroyer
  3256 | D:5      | Reached skill level 1 in Invocations
  3794 | D:6      | Found a staircase to the Ecumenical Temple.
  4252 | D:6      | Reached XP level 8. HP: 69/73 MP: 8/8
  5064 | D:7      | Noticed Joseph
  5076 | D:7      | Killed Joseph
  5483 | D:8      | Reached XP level 9. HP: 33/82 MP: 10/10
  5833 | D:8      | HP: 1/82 [something/puff of flame (8)]
  6137 | D:8      | Reached * piety under Makhleb
  6303 | D:8      | Found a shattered altar of Ashenzari.
  6304 | D:8      | Noticed a two-headed ogre
  6310 | D:8      | Killed a two-headed ogre
  6568 | D:8      | Noticed Harold
  6585 | D:8      | Killed Harold
  6585 | D:8      | Reached skill level 10 in Fighting
  6585 | D:8      | Reached XP level 10. HP: 93/93 MP: 10/12
  7003 | D:9      | Found a hide-covered altar of Uskayaw.
  7027 | D:9      | Reached skill level 10 in Axes
  7063 | D:9      | Noticed a two-headed ogre
  7074 | D:9      | Killed a two-headed ogre
  7369 | D:9      | Found a shadowy altar of Dithmenos.
  7426 | D:9      | Noticed Grum
  7440 | D:9      | Killed Grum
  7479 | D:9      | Found a glowing golden altar of the Shining One.
  7491 | D:9      | Noticed a two-headed ogre
  7508 | D:9      | Killed a two-headed ogre
  7508 | D:9      | Reached skill level 5 in Invocations
  8097 | D:10     | Entered Level 10 of the Dungeon
  8150 | D:10     | Reached ** piety under Makhleb
  8200 | D:10     | Noticed Josephine
  8213 | D:10     | Noticed Snorg
  8215 | D:10     | Slain by Snorg

Illustrated notes

Levels and vault maps discovered:
D:1:      minmay_arrival_split_and_join, layout_basic
D:2:      layout_loops_cross
D:3:      layout_loops_ring, uniq_sigmund, uniq_ijyb
D:4:      layout_loops_ring, serial_shops,
          nicolae_shop_temple_entry_statues_fountains, kennysheep_mini_moat,
          kennysheep_mini, shop, nicolae_shop_behind_doors, due_unseen_surprise
D:5:      minmay_opposing_rooms, layout_loops_ring,
          chequers_temple_overflow_minitemple, xom_redecorated,
          gup_sewer_entry_spiral
D:6:      layout_rooms, minmay_temple_entry_gardened_gates
D:7:      layout_basic, uniq_joseph
D:8:      layout_basic, nicolae_overflow_crystal_walls, uniq_harold
D:9:      layout_basic, tso_metal_star, eat_drink_and_be_merry_uskayaw,
          grunt_dithmenos_smoke, uniq_grum
D:10:     layout_loops_ring, minmay_lair_entry_grove, uniq_erolcha,
          uniq_josephine, uniq_snorg

Skill      XL: |  1  2  3  4  5  6  7  8  9 10 |
---------------+-------------------------------+-----
Fighting       | 4 5 6 7 8 10 11 | 11.2
Axes           | 3 4 5 6 8 9 11 | 11.0
Armour         | 4 5 6 7 8 |  8.5
Shields        | 4 5 6 7 8 |  8.5
Invocations    | 1 2 4 5 |  5.2

Action                   |  1- 3 |  4- 6 |  7- 9 | 10-12 || total
-------------------------+-------+-------+-------+-------++-------
Melee: War axe           |    65 |    81 |   169 |   117 ||   432
       Headbutt          |     9 |    10 |    39 |    29 ||    87
  Use: Potion            |       |     3 |     2 |       ||     5
       Scroll            |       |     5 |     5 |     2 ||    12
Armor: Scale mail        |    25 |    26 |     5 |       ||    56
       Plate armour      |       |       |    92 |    66 ||   158
Dodge: Dodged            |    20 |    22 |    36 |    34 ||   112
Block: Kite shield       |    41 |    32 |    81 |    82 ||   236

Table legend: (Time is in decaauts)
 A = Elapsed time spent in this place.
 B = Non-inter-level travel time spent in this place.
 C = Inter-level travel time spent in this place.
 D = Time resting spent in this place.
 E = Time spent auto-exploring this place.
 F = Levels seen in this place.
 G = Mean time per level.
                   A        B        C        D        E       F      G
               +--------+--------+--------+--------+--------+-----+--------+
         Total |   8318 |   7795 |    523 |   1295 |   5453 |  10 |  831.8 |
       Dungeon |   8318 |   7795 |    523 |   1295 |   5453 |  10 |  831.8 |
               +--------+--------+--------+--------+--------+-----+--------+

Top non-repeatable levels by time:
     D:5: 2154 daAuts
     D:9: 1359 daAuts
     D:7: 1289 daAuts
     D:4: 1242 daAuts
     D:8: 1101 daAuts
     D:6: 469 daAuts
     D:3: 427 daAuts
    D:10: 119 daAuts
     D:1: 115 daAuts
     D:2: 39 daAuts
